 Dungeon Crawl Stone Soup version 0.25-a0-975-gcae8493d64 (webtiles) character file.

Game seed: 6764758228495134557, levelgen mode: deterministic

40 Flugslaktarn the Skirmisher (level 3, -8/33 HPs)
             Began as a Minotaur Fighter on May 9, 2020.
             Killed by divine providence
             ... invoked by an orc priest
              (9 damage)
             ... on level 3 of the Dungeon.
             The game lasted 00:00:26 (847 turns).

Flugslaktarn the Skirmisher (Minotaur Fighter)       Turns: 847, Time: 00:00:26

Health: -8/33      AC:  7    Str: 20    XL:     3   Next: 30%
Magic:  2/2        EV:  7    Int:  5    God:
Gold:   89         SH:  9    Dex: 10    Spells: 2/2 levels left

rFire    . . .     SeeInvis .   a - +0 war axe
rCold    . . .     Gourm    .   c - +0 kite shield
rNeg     . . .     Faith    .   b - +0 scale mail
rPois    .         Spirit   .   (helmet restricted)
rElec    .         Reflect  .   (no cloak)
rCorr    .         Harm     .   (no gloves)
MR       .....                  (no boots)
Stlth    ..........             (no amulet)
HPRegen  0.11/turn              (no ring)
MPRegen  0.08/turn              (no ring)

@: no status effects
A: retaliatory headbutt, horns 2
a: no special abilities


You were on level 3 of the Dungeon.
You were not hungry.

You visited 1 branch of the dungeon, and saw 3 of its levels.

You collected 89 gold pieces.

Inventory:

Hand Weapons
 a - a +0 war axe (weapon)
Armour
 b - a +0 scale mail (worn)
 c - a +0 kite shield (worn)
Scrolls
 f - a scroll of fear {unknown}
 g - a scroll of identify {unknown}
 i - a scroll of random uselessness {unknown}
 k - a scroll of remove curse {unknown}
Potions
 d - a potion of might
 j - 2 potions of magic {unknown}
 l - a potion of stabbing {unknown}
 m - a potion of brilliance {unknown}
Comestibles
 e - 4 rations
 h - 6 chunks of flesh


   Skills:
 + Level 4.0 Fighting
 * Level 3.4 Axes
 + Level 4.0 Armour
 + Level 4.0 Shields


You had 2 spell levels left.
You didn't know any spells.
Your spell library was empty.

Dungeon Overview and Level Annotations

Branches:
Dungeon (3/15)

Altars:


Innate Abilities, Weirdness & Mutations

You reflexively headbutt those who attack you in melee.
You have a pair of horns on your head.


Message History

Beogh smites you! The bat hits you but does no damage.
The orc priest calls down the wrath of Beogh upon you.
Beogh smites you!
Ouch! That really hurt!
* * * LOW HITPOINT WARNING * * *
The bat hits you but does no damage.
You are too injured to fight recklessly!
You are too injured to fight recklessly!
You are too injured to fight recklessly!
You are too injured to fight recklessly!
You are too injured to fight recklessly!
You are too injured to fight recklessly!
You are too injured to fight recklessly!
There are monsters nearby!
Unknown command.
You block the bat's attack.
A gnoll comes into view. It is wielding a +0 spear.
The orc priest invokes the aid of Beogh against you.
Beogh smites you!
You die...

. .......#.##P≈PP♣♣≈≈≈
#.#......#.#..PP♣≈≈♣≈P
#.#.........PPPP♣≈≈≈P≈
.#........P.≈≈≈≈♣≈≈≈.P
.........P.P≈≈≈♣P..≈.
.........≈≈≈♣≈P≈P≈# [.
.....#..≈≈PPP≈≈...##...g
........P≈PPP.....bog.o.
.....#..PPPP....@#......
#### #...........#......
#................#.
.#####.##........#....#
................##......
................###.#. .
...........).#≈≈≈....
..............≈.≈###..
..............≈.≈....


You could see an orc priest, a gnoll, an orc, a goblin and a bat.

Vanquished Creatures
  An ooze (D:3)
  A worm (D:2)
  2 giant cockroaches
  2 goblins
  7 hobgoblins
  2 quokkas (D:3)
  6 bats
  3 frilled lizards
  4 kobolds
  3 rats
31 creatures vanquished.

Notes
Turn   | Place    | Note
-------+----------+-------------------------------------------
     0 | D:1      | Flugslaktarn the Minotaur Fighter began the quest for the
                  | Orb.
     0 | D:1      | Reached XP level 1. HP: 19/19 MP: 0/0
   332 | D:1      | Reached XP level 2. HP: 27/27 MP: 1/1
   740 | D:3      | Reached XP level 3. HP: 32/33 MP: 2/2
   846 | D:3      | HP: 1/33 [orc priest/divine providence (17)]
   847 | D:3      | Killed from afar by an orc priest

Illustrated notes

Levels and vault maps discovered:
D:1:      lemuel_arrival_funnel, layout_basic, st_stairs_14
D:2:      layout_basic, nemelex_diamond_rough_becter
D:3:      layout_basic, chequers_serial_rivers_micro_d,
          roderic_nine_men_s_morris, chequers_arboretum, chequers_jeans,
          serial_bayou_lagoon_a

Skill      XL: |  1  2  3 |
---------------+----------+-----
Axes           | 3 |  3.4
Fighting       | 4 |  4.0
Shields        | 4 |  4.0
Armour         | 4 |  4.0

Action                   || total
-------------------------++-------
Melee: War axe           ||    73
       Headbutt          ||     7
Armor: Scale mail        ||    44
Dodge: Dodged            ||    22
Block: Kite shield       ||    42

Table legend:
 A = Non-vault XP
 B = Vault XP
 C = Vault XP percentage of total XP
 D = Non-vault monster count
 E = Vault monster count
 F = Vault count percentage of total count
                 A         B        C        D         E       F
            +---------+---------+-------+---------+---------+-------
      Total |      58 |       0 |   0.0 |      31 |       0 |   0.0
            +---------+---------+-------+---------+---------+-------
        D:1 |      20 |       0 |   0.0 |      13 |       0 |   0.0
        D:2 |      13 |       0 |   0.0 |       5 |       0 |   0.0
        D:3 |      25 |       0 |   0.0 |      13 |       0 |   0.0
            +---------+---------+-------+---------+---------+-------
